 Dungeon Crawl Stone Soup version 0.21.0 (webtiles) character file.

63647 subgenius the Bludgeoner (level 15, 0/156 HPs)
             Began as a Gargoyle Berserker on Jan 6, 2018.
             Was a High Priest of Trog.
             Slain by a tengu warrior
             ... wielding a +1 glaive of venom
              (14 damage)
             ... on level 14 of the Dungeon.
             The game lasted 01:42:07 (25552 turns).

subgenius the Bludgeoner (Gargoyle Berserker)      Turns: 25552, Time: 01:42:11

Health: 0/156      AC: 27    Str: 20    XL:     15   Next: 10%
Magic:  2/13       EV:  2    Int: 10    God:    Trog [*****.]
Gold:   1134       SH:  0    Dex: 14    Spells: 14/14 levels left

rFire    + . .     SeeInvis .   a - +0 morningstar
rCold    . . .     Gourm    .   (no shield)
rNeg     + + +     Faith    .   (armour currently unavailable)
rPois    ∞         Spirit   .   (helmet currently unavailable)
rElec    .         Reflect  .   (cloak currently unavailable)
rCorr    .         Harm     +   (gloves currently unavailable)
MR       +++..     NoTele   +   (boots currently unavailable)
Stlth    +.........             X - amulet of harm
HPRegen  1.36/turn              (no ring)
MPRegen  0.13/turn              p - ring of protection from fire

@: tree-form, berserk cooldown, very slightly contaminated, regenerating,
slowed, very slow
A: low mp 1, negative energy resistance 1, petrification resistance, rot
immunity, AC +11
a: Berserk, Trog's Hand, Brothers in Arms, Burn Spellbooks, Renounce Religion


You were on level 14 of the Dungeon.
You worshipped Trog.
Trog was extremely pleased with you.
You were near starving.
You were a tree.
You visited 3 branches of the dungeon, and saw 21 of its levels.
You also visited: Volcano.

You collected 1134 gold pieces.

Inventory:

Hand Weapons
 a - a +0 morningstar (weapon)
 b - a +0 hunting sling
 v - the +3 Elemental Staff {rElec rF++ rC++ MR++ AC+5}
   (You found it on level 6 of the Lair of Beasts)

   It affects your AC (+5).
   It greatly protects you from fire.
   It greatly protects you from cold.
   It insulates you from electricity.
   It affects your resistance to hostile enchantments.
Missiles
 d - 671 stones (quivered)
 g - 5 throwing nets
 O - 2 javelins of penetration
 W - 5 javelins of returning
Armour
 m - the +3 hat of Pondering {ponderous, MR+ MP+10 Int+5}
   (You took it off Gastronok on level 1 of the Lair of Beasts)

   It affects your intelligence (+5).
   It affects your resistance to hostile enchantments.
   It affects your magic capacity (+10).
 r - a +1 pair of gloves (melded)
 y - a +0 pair of boots (melded)
 R - a scarf of spirit shield (melded)
 U - a +3 plate armour (melded)
Jewellery
 h - an uncursed amulet of guardian spirit
 p - a ring of protection from fire (right branch)
 L - a +4 amulet of reflection
 X - an amulet of harm (around neck)
Wands
 C - a wand of polymorph (30)
 F - a wand of disintegration (8)
 M - a wand of iceblast (23)
 Q - a wand of enslavement (24)
 V - a wand of clouds (3)
Scrolls
 e - 2 scrolls of enchant weapon
 f - 15 scrolls of teleportation
 i - 7 scrolls of enchant armour
 j - 2 scrolls of noise {unknown}
 l - 4 scrolls of magic mapping
 n - 8 scrolls of remove curse
 o - 5 scrolls of fog
 q - 4 scrolls of fear
 B - a scroll of acquirement {unknown}
 E - 4 scrolls of immolation {unknown}
 G - a scroll of torment {unknown}
 H - 2 scrolls of silence
 I - 3 scrolls of brand weapon
 J - 3 scrolls of vulnerability {unknown}
 K - 5 scrolls of identify
Potions
 s - a potion of heal wounds {unknown}
 t - 2 potions of mutation
 z - 5 potions of berserk rage
 D - a potion of cancellation
 N - 2 potions of haste
 T - 2 potions of resistance
 Y - a potion of degeneration {unknown}
Miscellaneous
 k - a phantom mirror
 P - 3 sacks of spiders
Comestibles
 c - 18 rations
 x - a chunk of flesh


   Skills:
 + Level 15.8 Fighting
 - Level 16.0 Maces & Flails
 - Level 15.0 Armour
 - Level 1.5 Dodging


You had 14 spell levels left.
You didn't know any spells.

Dungeon Overview and Level Annotations

Branches:
Dungeon (14/15) Temple (1/1) D:4 Lair (6/6) D:10 Swamp (0/4) Lair:3 Snake (0/4) Lair:2 Slime (0/5) Lair:6 Orc (0/2) D:12 Vaults (0/5) D:13 D:14

Altars:
Ashenzari
Cheibriados
Dithmenos
Elyvilon
Fedhas
Gozag
Hepliaklqana
Kikubaaqudgha
Makhleb
Nemelex Xobeh
Okawaru
Qazlal
Ru
Sif Muna
Trog
Uskayaw
Vehumet
Wu Jian
Xom
Yredelemnul
Zin
The Shining One

Shops:
D:7 }   D:13 *

Portals:
Trove: D:13 (give 7 potions of haste)

Annotations:
D:14 Nessos, Urug


Innate Abilities, Weirdness & Mutations

You are resistant to torment.
((Your stone body is resilient. (AC +11)))
You are immune to poison.
((Your large and strong wings let you fly indefinitely.))
You resist negative energy. (rN+)
((You are resistant to electric shocks. (rElec)))
((You can survive without breathing.))
You are immune to petrification.
You are immune to rotting.
Your magical capacity is low. (-10% MP)


Message History

The stone arrow misses you.
Your deep troll closely misses the deep elf mage.
Your deep troll claws the deep elf mage.
Your deep troll claws the deep elf mage!!
The deep elf mage points at you and mumbles some strange words.
Helpless, you fail to dodge the bolt of magma.
You partially resist.
* * * LOW HITPOINT WARNING * * *
The tengu warrior hits you from afar with a glaive of venom.
* * * LOW HITPOINT WARNING * * *
Evoke which item? (* to show all) (? for menu, Esc to quit)
Aiming: Disintegrate
Press: ? - help, Shift-Dir - straight line The deep elf mage is blasted.
You blow up the deep elf mage!
Trog accepts your kill.
Trog appreciates your killing of a magic user.
Your deep troll rages.
The tengu warrior hits you from afar with a glaive of venom!
You die...

) +.###########
.
............#'#
..........%....
.....Q.T.)....%
.......♣.)%....
'.##'#####'#...


You could see a tengu warrior and a friendly deep troll (berserk).

Vanquished Creatures
  Rupert (D:14)
  Gastronok (Lair:1)
  3 dire elephants (Lair:6)
  Snorg (Lair:6)
  4 hydras
  Harold (D:10)
  2 catoblepae
  An anaconda (Lair:6)
  5 two-headed ogres
  A centaur warrior (D:9)
  2 unseen horrors
  A wizard (D:14)
  An orc sorcerer (Volcano)
  A cyclops (D:13)
  8 ugly things
  A deep elf mage (D:14)
  2 oklob plants (Lair:4)
  2 manticores
  4 elephants (Lair:6)
  A smoke demon (Volcano)
  2 centaur zombies (D:10)
  A black mamba (shapeshifter) (D:13)
  5 black mambas
  6 spiny frogs
  2 centaur skeletons
  A rime drake (Lair:6)
  A yaktaur (shapeshifter) (D:14)
  5 komodo dragons
  4 kobold demonologists (D:13)
  2 polar bears
  5 trolls
  3 hornets (D:9)
  11 blink frogs
  Grinder (D:5)
  10 hippogriffs
  3 slime creatures
  3 wyverns
  A shadow (D:10)
  8 spriggans (D:11)
  Sigmund (D:6)
  41 yaks
  3 fire bats (Volcano)
  A wraith (D:13)
  6 humans
  A steam dragon (D:11)
  Grum (D:8)
  5 basilisks
  A hungry ghost (D:9)
  Menkaure (D:7)
  6 swamp worms (Lair:3)
  2 soldier ants
  An acid dragon (D:13)
  8 water moccasins
  3 hell hounds (Volcano)
  6 porcupines
  7 orc warriors
  4 sky beasts
  4 ice beasts
  2 eyes of draining
  4 black bears
  3 phantoms
  7 ogres
  5 necrophages
  16 wolves
  12 centaurs
  6 crocodiles
  A big kobold (D:13)
  12 bullfrogs
  A gnoll sergeant (D:7)
  A wyvern zombie (D:13)
  7 scorpions
  4 killer bees (D:7)
  10 wights
  4 howler monkeys
  7 electric eels
  10 crimson imps
  3 lava snakes (Volcano)
  2 bullfrog zombies
  16 hounds
  14 orc wizards
  Crazy Yiuf (D:7)
  2 orc priests
  A bullfrog skeleton (D:12)
  A gnoll shaman (D:6)
  17 jellies
  An iguana (D:8)
  Natasha (thrice) (D:4)
  14 worker ants
  3 hound skeletons
  4 worker ant zombies
  14 gnolls
  A howler monkey skeleton (D:4)
  19 adders
  3 shadow imps
  3 oozes
  2 adder zombies (D:5)
  An adder skeleton (D:4)
  3 worms
  4 dart slugs
  6 leopard geckos
  43 orcs
  A ball python (D:4)
  5 giant cockroaches
  6 goblins
  7 hobgoblins
  4 jackals
  9 kobolds
  6 quokkas
  3 bats
  3 frilled lizards
  A jackal skeleton (D:7)
  A leopard gecko skeleton (D:5)
  4 rats
  A rat zombie (D:7)
  2 plants
565 creatures vanquished.

Vanquished Creatures (collateral kills)
  A two-headed ogre (D:14)
  An ugly thing (Volcano)
  A blink frog (Lair:2)
  3 fire bats (Volcano)
  2 lava snakes (Volcano)
8 creatures vanquished.

Vanquished Creatures (others)
  A bush (D:10)
  8 fungi
  7 plants
16 creatures vanquished.

Grand Total: 589 creatures vanquished

Notes
Turn   | Place    | Note
-------+----------+-------------------------------------------
     0 | D:1      | subgenius the Gargoyle Berserker began the quest for the Orb.
     0 | D:1      | Reached XP level 1. HP: 14/14 MP: 1/1
   112 | D:1      | Reached XP level 2. HP: 14/19 MP: 2/2
   297 | D:1      | Reached skill level 4 in Maces & Flails
   449 | D:1      | Reached XP level 3. HP: 2/23 MP: 3/3
  1124 | D:2      | Reached XP level 4. HP: 25/28 MP: 4/4
  1129 | D:2      | Reached ** piety under Trog
  1156 | D:2      | Reached skill level 5 in Maces & Flails
  2007 | D:2      | Reached XP level 5. HP: 27/32 MP: 5/5
  2217 | D:3      | Found a shadowy altar of Dithmenos.
  2309 | D:3      | Reached skill level 6 in Maces & Flails
  2645 | D:3      | Reached *** piety under Trog
  3055 | D:3      | Found a radiant altar of Vehumet.
  3055 | D:3      | Found a burning altar of Makhleb.
  3062 | D:3      | Reached XP level 6. HP: 34/37 MP: 6/6
  3377 | D:4      | Found a staircase to the Ecumenical Temple.
  3404 | D:4      | Reached skill level 7 in Maces & Flails
  3411 | Temple   | Entered the Ecumenical Temple
  3612 | D:4      | Reached XP level 7. HP: 41/41 MP: 7/7
  3689 | D:4      | Reached skill level 8 in Maces & Flails
  3893 | D:4      | Noticed Natasha
  3899 | D:4      | Killed Natasha
  4024 | D:4      | Noticed Natasha
  4034 | D:4      | Killed Natasha
  4191 | D:4      | Noticed Natasha
  4201 | D:4      | Killed Natasha
  4220 | D:5      | Entered Level 5 of the Dungeon
  4234 | D:5      | Reached skill level 9 in Maces & Flails
  4354 | D:5      | Reached XP level 8. HP: 37/46 MP: 8/8
  4387 | D:5      | Found a shattered altar of Ashenzari.
  4567 | D:5      | Reached skill level 10 in Maces & Flails
  4580 | D:5      | Noticed Grinder
  4580 | D:5      | Paralysed by Grinder for 6 turns
  4597 | D:5      | Killed Grinder
  4940 | D:5      | Found a snail-covered altar of Cheibriados.
  5271 | D:6      | Reached **** piety under Trog
  5300 | D:6      | Reached skill level 11 in Maces & Flails
  5449 | D:6      | Reached XP level 9. HP: 51/51 MP: 9/9
  5577 | D:6      | Found a shimmering altar of Xom.
  5733 | D:6      | Found a burning altar of Makhleb.
  5914 | D:6      | Noticed Sigmund
  5921 | D:6      | Killed Sigmund
  5921 | D:6      | Reached skill level 12 in Maces & Flails
  6347 | D:7      | Found Aqipte Guto's Gadget Shop.
  6503 | D:7      | Reached skill level 13 in Maces & Flails
  6666 | D:7      | Reached XP level 10. HP: 52/56 MP: 10/10
  6889 | D:7      | Noticed a two-headed ogre
  6900 | D:7      | Killed a two-headed ogre
  6900 | D:7      | Reached skill level 14 in Maces & Flails
  7114 | D:7      | Found an ancient bone altar of Kikubaaqudgha.
  7149 | D:7      | Noticed Menkaure
  7156 | D:7      | Killed Menkaure
  7310 | D:7      | Found an ornate altar of the Wu Jian Council.
  7314 | D:7      | Found a stormy altar of Qazlal.
  7562 | D:7      | Found a runed door.
  7568 | D:7      | Noticed Crazy Yiuf
  7574 | D:7      | Killed Crazy Yiuf
  7715 | D:8      | Reached skill level 5 in Fighting
  7874 | D:8      | Found a glowing silver altar of Zin.
  8076 | D:8      | Noticed Grum
  8223 | D:8      | Killed Grum
  8894 | D:9      | Found a blossoming altar of Fedhas.
  9104 | D:9      | Noticed a two-headed ogre
  9116 | D:9      | Killed a two-headed ogre
  9116 | D:9      | Reached XP level 11. HP: 63/71 MP: 11/11
  9403 | D:9      | Noticed a centaur warrior
  9438 | D:9      | Killed a centaur warrior
  9438 | D:9      | Reached skill level 10 in Fighting
  9460 | D:9      | Found an opulent altar of Gozag.
  9460 | D:9      | Found a hide-covered altar of Uskayaw.
  9630 | D:9      | Found an iron altar of Okawaru.
 10264 | D:10     | Entered Level 10 of the Dungeon
 10264 | D:10     | Noticed a two-headed ogre
 10264 | D:10     | Noticed a green ugly thing
 10405 | D:10     | Noticed Harold
 10416 | D:10     | Killed Harold
 10416 | D:10     | Reached skill level 5 in Armour
 10553 | D:10     | Killed a two-headed ogre
 10704 | D:10     | Found a blossoming altar of Fedhas.
 10860 | D:10     | Found a staircase to the Lair.
 10890 | D:10     | Killed a green ugly thing
 10939 | D:10     | Reached XP level 12. HP: 55/77 MP: 12/12
 10947 | D:10     | Reached ***** piety under Trog
 11276 | Lair:1   | Entered Level 1 of the Lair of Beasts
 11276 | Lair:1   | Noticed Gastronok
 11299 | Lair:1   | Killed Gastronok
 11299 | Lair:1   | Reached skill level 10 in Armour
 11847 | Lair:1   | Got a polished plate armour
 11858 | Lair:1   | Identified the +7 plate armour of Devotion {rPois rC- Dex-3 Stlth+} (You found it on level 1 of the Lair of Beasts)
 12517 | Lair:2   | Found a dark tunnel.
 12524 | Volcano  | Entered a volcano
 12631 | Volcano  | Reached skill level 15 in Maces & Flails
 13213 | Volcano  | Found a bloodstained altar of Trog.
 13237 | Volcano  | Found a burning altar of Makhleb.
 13652 | Lair:2   | Found a staircase to the Snake Pit.
 13692 | Lair:2   | Noticed a seven-headed hydra
 13700 | Lair:2   | Killed a seven-headed hydra
 13700 | Lair:2   | Reached skill level 16 in Maces & Flails
 14333 | Lair:3   | Reached XP level 13. HP: 70/84 MP: 13/13
 15331 | Lair:3   | Found a staircase to the Swamp.
 17438 | Lair:5   | Received a gift from Trog
 18198 | Lair:6   | Entered Level 6 of the Lair of Beasts
 18311 | Lair:6   | Noticed Snorg
 18332 | Lair:6   | Killed Snorg
 18763 | Lair:6   | Got an iridescent mace
 18792 | Lair:6   | Identified the cursed +0 mace of Patience {protect, rF+ Int-2 Stlth+} (You found it on level 6 of the Lair of Beasts)
 18815 | Lair:6   | Found a staircase to the Slime Pits.
 19257 | Lair:6   | Reached skill level 15 in Fighting
 19899 | Lair:6   | Found the cursed +13 scythe of Curses {drain, *Curse}
 19929 | Lair:6   | Gained mutation: Your large and strong wings let you fly indefinitely. [Gargoyle growth]
 19929 | Lair:6   | Reached XP level 14. HP: 65/98 MP: 10/14
 20061 | Lair:6   | Noticed a dire elephant
 20061 | Lair:6   | Noticed a dire elephant
 20062 | Lair:6   | Found the +3 Elemental Staff {rElec rF++ rC++ MR++ AC+5}
 20098 | Lair:6   | Killed a dire elephant
 20106 | Lair:6   | Killed a dire elephant
 20524 | Lair:6   | Noticed a dire elephant
 20544 | Lair:6   | Killed a dire elephant
 22047 | D:11     | Found a snail-covered altar of Cheibriados.
 22903 | D:12     | Found a staircase to the Orcish Mines.
 23683 | D:13     | Received a gift from Trog
 23721 | D:13     | Gained mutation: Your magical capacity is low. (-10% MP) [a neqoxec]
 24232 | D:13     | Found Sanyfur's Assorted Antiques.
 24438 | D:13     | Found a portal to a secret trove of treasure.
 24978 | D:14     | Found a gate to the Vaults.
 24978 | D:14     | Noticed Nessos
 24978 | D:14     | Noticed Rupert
 24978 | D:14     | Noticed Urug
 25312 | D:14     | Reached skill level 15 in Armour
 25471 | D:14     | Received a gift from Trog
 25471 | D:14     | Reached XP level 15. HP: 71/103 MP: 11/13
 25530 | D:14     | Killed Rupert
 25547 | D:14     | HP: 5/104 [deep elf mage/bolt of magma (13)]
 25552 | D:14     | Slain by a tengu warrior

Skill      XL: |  1  2  3  4  5  6  7  8  9 10 11 12 13 14 |
---------------+-------------------------------------------+-----
Maces & Flails | 4 5 6 7 9 11 13 14 16 | 16.0
Fighting       | 9 10 15 | 15.8
Armour         | 9 10 15 | 15.0
Dodging        | |  1.5

Action                   |  1- 3 |  4- 6 |  7- 9 | 10-12 | 13-15 || total
-------------------------+-------+-------+-------+-------+-------++-------
Melee: Mace              |    84 |   189 |       |   567 |       ||   840
       Whip              |       |    42 |   477 |   423 |       ||   942
       Morningstar       |       |       |       |    10 |  1475 ||  1485
Throw: Stone             |       |    12 |     6 |       |       ||    18
Invok: Berserk           |       |     2 |     7 |    11 |    12 ||    32
       Trog's Hand       |       |       |     5 |     8 |     7 ||    20
       Brothers in Arms  |       |       |       |     4 |     3 ||     7
 Abil: Fly               |       |       |       |       |     1 ||     1
Evoke: Wand              |       |       |     6 |     2 |     3 ||    11
  Use: Potion            |     1 |     1 |       |     5 |     5 ||    12
       Scroll            |       |       |    13 |    11 |    10 ||    34
 Stab: Sleeping          |     1 |       |       |       |       ||     1
       Petrified         |       |       |       |       |     9 ||     9
       Invisible         |       |       |       |       |     4 ||     4
       Petrifying        |       |       |       |       |     2 ||     2
  Eat: Chunk             |     1 |     4 |     9 |     4 |    17 ||    35
       Ration            |       |     2 |     3 |    12 |     9 ||    26
Armor: Animal skin       |    22 |    32 |       |       |       ||    54
       Plate armour      |       |   102 |   183 |   599 |  1037 ||  1921
Dodge: Dodged            |    40 |    86 |    70 |   255 |   386 ||   837
Block: Other             |       |       |       |    52 |   105 ||   157
       Reflection        |       |       |       |     2 |     5 ||     7
